 Dungeon Sprint DCSS version 0.17-a0-2069-g0f4ee5b (webtiles) character file.

39501 Kidiri the Peltast (level 14, -14/94 HPs)
             Began as a Gargoyle Fighter on Oct 13, 2015.
             Was the Champion of Okawaru.
             Killed from afar by a golden dragon (43 damage)
             ... with a bolt of fire
             ... in the Dungeon (Sprint IX: "|||||||||||||||||||||||||||||").
             The game lasted 00:18:23 (3301 turns).

Kidiri the Peltast (Gargoyle Fighter)               Turns: 3301, Time: 00:18:24

Health: -14/94     AC: 39    Str: 27    XL:     14   Next: 6%
Magic:  22/23      EV: 17    Int:  9    God:    Okawaru [******]
Gold:   1189       SH: 23    Dex: 21    Spells: 0 memorised, 13 levels left

rFire  . . .     SeeInvis +     D - +6 morningstar of the Little People {flame, *Rage rElec rN+ Dex+9}
rCold  + . .     Rnd*Rage +     l - +2 plate armour
rNeg   + + .     SustAt   .     J - +0 large shield "Qicemp" {rElec rF- rC+ MR++}
rPois  ∞         Gourm    .     s - +0 helmet
rElec  +         Spirit   .     a - +2 cloak {+Inv}
rCorr  .         Warding  .     u - +2 pair of gloves
rMut   .         NoTele   +     (no boots)
MR     +++..                    (no amulet)
Stlth  ..........               f - +3 ring of dexterity
                                r - ring of protection from fire

@: exhausted, very slightly contaminated, slowed, very slow, extremely resistant
to hostile enchantments, extremely unstealthy
A: big wings, claws 1, fangs 1, see invisible, negative energy resistance 1,
regeneration 1, electricity resistance, strong 1, unbreathing, petrification
resistance, no device heal 1, rot immunity, AC +9
a: Fly, Heroism, Finesse, Renounce Religion, Evoke Invisibility


You were in the Dungeon.
You worshipped Okawaru.
Okawaru was exalted by your worship.
You were not hungry.

You visited 1 branch You collected 1917 gold pieces.
You spent 728 gold pieces at shops.

Inventory:

Hand Weapons
 D - the +6 morningstar of the Little People (weapon) {flame, *Rage rElec rN+ Dex+9}
   (Okawaru gifted it to you in the Dungeon)

   It has been specially enchanted to burn those struck by it, causing extra
   injury to most foes and up to half again as much damage against particularly
   susceptible opponents.
   It affects your dexterity (+9).
   It insulates you from electricity.
   It protects you from negative energy.
   It may make you go berserk in combat.
Armour
 a - a +2 cloak of invisibility (worn)
 l - a +2 plate armour (worn)
 s - a +0 helmet (worn)
 u - a +2 pair of gloves (worn)
 J - the +0 large shield "Qicemp" (worn) {rElec rF- rC+ MR++}
   (Okawaru gifted it to you in the Dungeon)

   It makes you vulnerable to fire.
   It protects you from cold.
   It insulates you from electricity.
   It affects your resistance to hostile enchantments.
Jewellery
 f - a +3 ring of dexterity (right hand)
 r - a ring of protection from fire (left hand)
 C - an uncursed ring of sustain attributes
Wands
 q - a wand of draining (7)
Scrolls
 e - 2 scrolls of fear
 k - 2 scrolls of blinking
 o - 4 scrolls of remove curse
 p - 2 scrolls of amnesia
 x - 6 scrolls of enchant weapon
 y - a scroll of identify
 H - 2 scrolls of enchant armour
 I - a scroll of fog
Potions
 d - a potion of might
 g - a potion of invisibility
 h - a potion of haste
 i - 4 potions of magic
 j - 3 potions of berserk rage
 m - 7 potions of heal wounds
 n - 8 potions of curing
 t - a potion of cure mutation
 v - 2 potions of agility
 z - a potion of flight
 G - a potion of brilliance
Comestibles
 w - 11 meat rations
 A - 40 fruits
 B - 12 bread rations


   Skills:
 + Level 13.3 Fighting
 * Level 16.3 Maces & Flails
 * Level 17.7 Armour
 * Level 14.0 Dodging
 * Level 17.7 Shields
 + Level 12.3 Invocations
 + Level 7.4 Evocations


You had 13 spell levels left.
You didn't know any spells.

Dungeon Overview and Level Annotations

Branches:
Dungeon (1/1)

Altars:
Cheibriados
Dithmenos
Elyvilon
Fedhas
Gozag
Kikubaaqudgha
Makhleb
Nemelex Xobeh
Okawaru
Qazlal
Ru
Sif Muna
Trog
Vehumet
Xom
Yredelemnul
Zin
The Shining One
Beogh
Jiyva
Lugonu

Shops:
D *![(


Innate Abilities, Weirdness & Mutations

You are resistant to torment.
Your stone body is resilient (AC +9).
You are immune to poison.
Your large and strong wings let you fly indefinitely.
You resist negative energy.
You are resistant to electric shocks.
You can survive without breathing.
You are immune to petrification.
You are immune to rotting.
You have sharp fingernails.
You have very sharp teeth.
You have supernaturally acute eyesight.
Your natural rate of healing is unusually fast.
Your muscles are strong. (Str +2)
Potions and wands are less effective at restoring your health.


Message History

The cyan very ugly thing misses you.
Unknown command.
You impale the cyan very ugly thing!! You burn the cyan very ugly thing!
The cyan very ugly thing is heavily wounded.
The cyan very ugly thing basks in your mutagenic energy and changes!
You hit the white very ugly thing. You burn the white very ugly thing.
The white very ugly thing is severely wounded.
A vampire knight comes into view. It is wielding a bardiche.
You hit the white very ugly thing. You burn the white very ugly thing.
You bite the white very ugly thing, but do no damage.
The white very ugly thing is severely wounded.
The white very ugly thing headbutts you but does no damage.
You bludgeon the white very ugly thing!!
You burn the white very ugly thing.
You kill the white very ugly thing!
Okawaru accepts your kill.
Your Dodging skill increases to level 14!
The golden dragon breathes fire at you. The bolt of fire hits you!
You die...

▓.▓'▓.▓[▓.▓.▓.▓.
▓.▓.▓.▓.▓[▓.▓.▓.▓.
▓V▓.▓.▓.▓.▓.▓.▓.▓.
▓C▓.▓.▓.▓)▓.▓.▓.▓.
▓T▓.▓.▓.▓)▓.▓.▓.▓%
▓D▓.▓.▓.▓)▓.▓[▓.▓%
▓D▓.▓.▓.▓)▓.▓)▓.▓.
▓)▓.▓.▓.▓)▓.▓)▓.▓.
▓@▓.▓.▓.▓)▓.▓[▓.▓.
▓.▓.▓%▓.▓)▓.▓)▓.▓.
▓.▓.▓%▓.▓)▓.▓)▓.▓.
▓.▓.▓.▓.▓.▓.▓)▓.▓)
▓.▓.▓)▓.▓=▓.▓)▓.▓.
▓.▓.▓.▓.▓.▓.▓.▓.▓.
▓.▓.▓%▓.▓÷▓.▓.▓.▓.
▓.▓.▓.▓.▓.▓.▓.▓.▓.
▓.▓.▓.▓.▓'▓.▓.▓.▓.


You could see an iron dragon, a golden dragon, a stone giant, a vampire knight
and a deep troll earth mage.

Vanquished Creatures
  A fire giant (D)
  2 ghost moths (D)
  A frost giant (D)
  2 very ugly things (D)
  An ettin (D)
  2 merfolk impalers (D)
  A great orb of eyes (D)
  4 entropy weavers (D)
  A hydra (D)
  A merfolk avatar (D)
  A rakshasa (D)
  3 ogre magi (D)
  An alligator (D)
  An anaconda (D)
  A deep troll earth mage (D)
  A ghost crab (D)
  A deep troll shaman (D)
  An orc high priest (D)
  A shock serpent (D)
  Sonja (D)
  2 sea snakes (D)
  An unseen horror (D)
  A naga ritualist (D)
  A hill giant (D)
  A necromancer (D)
  A lindwurm (D)
  A mana viper (D)
  A mana viper (shapeshifter) (D)
  2 orc knights (D)
  3 wolf spiders (D)
  2 water nymphs (D)
  6 orc sorcerers (D)
  A siren (D)
  2 naga magi (D)
  A black mamba (D)
  Psyche (D)
  5 spiny frogs (D)
  A jumping spider (D)
  A demonic crawler (D)
  A slime creature (D)
  2 bog bodies (D)
  A blink frog (D)
  A snapping turtle (D)
  3 shadows (D)
  A redback (D)
  A wyvern (D)
  2 yaks (D)
  A deep elf mage (D)
  2 vampire mosquitoes (D)
  A hippogriff (D)
  A basilisk (D)
  A soldier ant (D)
  2 nagas (D)
  A sky beast (D)
  11 orc warriors (D)
  3 porcupines (D)
  2 centaurs (D)
  A crocodile (D)
  A necrophage (D)
  A brain worm (D)
  5 giant frogs (D)
  5 orc priests (D)
  A quasit (D)
  11 orc wizards (D)
  2 adders (D)
  4 river rats (D)
  A shadow imp (D)
  6 worms (D)
  5 orcs (D)
  A giant cockroach (D)
  A bat (D)
  A giant newt (D)
  3 rats (D)
148 creatures vanquished.

Notes
Turn   | Place    | Note
--------------------------------------------------------------
     0 | D        | Kidiri the Gargoyle Fighter began the quest for the Orb.
     0 | D        | Reached XP level 1. HP: 14/14 MP: 1/1
    15 | D        | Reached skill level 1 in Dodging
   129 | D        | Noticed a quasit
   129 | D        | Noticed a sky beast
   129 | D        | Noticed a centaur
   145 | D        | Killed a centaur
   145 | D        | Reached skill level 4 in Fighting
   145 | D        | Reached skill level 5 in Armour
   145 | D        | Reached skill level 5 in Shields
   145 | D        | Reached XP level 2. HP: 17/20 MP: 2/2
   145 | D        | Reached XP level 3. HP: 20/24 MP: 3/3
   145 | D        | Reached XP level 4. HP: 25/30 MP: 4/4
   164 | D        | Killed a sky beast
   164 | D        | Reached skill level 5 in Fighting
   164 | D        | Reached skill level 5 in Maces & Flails
   164 | D        | Reached skill level 6 in Armour
   164 | D        | Reached XP level 5. HP: 11/35 MP: 5/5
   187 | D        | Killed a quasit
   196 | D        | Gained mutation: You have very sharp teeth. [mutagenic meat]
   197 | D        | Gained mutation: You have sharp toenails. [mutagenic meat]
   198 | D        | Gained mutation: Your body sometimes deteriorates upon taking damage. [mutagenic meat]
   321 | D        | Found a glowing silver altar of Zin.
   321 | D        | Found a glowing golden altar of the Shining One.
   321 | D        | Found an ancient bone altar of Kikubaaqudgha.
   321 | D        | Found a basalt altar of Yredelemnul.
   321 | D        | Found a shimmering altar of Xom.
   321 | D        | Found a radiant altar of Vehumet.
   322 | D        | Found an iron altar of Okawaru.
   323 | D        | Found a burning altar of Makhleb.
   324 | D        | Found a deep blue altar of Sif Muna.
   325 | D        | Found a bloodstained altar of Trog.
   326 | D        | Found a sparkling altar of Nemelex Xobeh.
   327 | D        | Found a white marble altar of Elyvilon.
   328 | D        | Found a roughly hewn altar of Beogh.
   329 | D        | Found a viscous altar of Jiyva.
   330 | D        | Became a worshipper of Warmaster Okawaru
   331 | D        | Found a corrupted altar of Lugonu.
   332 | D        | Found a blossoming altar of Fedhas.
   333 | D        | Found a snail-covered altar of Cheibriados.
   334 | D        | Found a shadowy altar of Dithmenos.
   335 | D        | Found a stormy altar of Qazlal.
   336 | D        | Found an opulent altar of Gozag.
   337 | D        | Found a sacrificial altar of Ru.
   354 | D        | Got the +2 morningstar "Ries" {drain, MR+ Str+5}
   490 | D        | Noticed a giant frog
   490 | D        | Noticed a centaur
   490 | D        | Noticed a deep elf mage
   494 | D        | Killed a deep elf mage
   494 | D        | Reached * piety under Okawaru
   494 | D        | Reached skill level 7 in Armour
   494 | D        | Reached skill level 5 in Dodging
   494 | D        | Reached XP level 6. HP: 39/41 MP: 5/7
   503 | D        | Killed an unseen horror
   503 | D        | Reached skill level 8 in Maces & Flails
   503 | D        | Reached skill level 9 in Armour
   503 | D        | Reached XP level 7. HP: 40/47 MP: 6/10
   503 | D        | Reached XP level 8. HP: 44/52 MP: 6/11
   514 | D        | Killed a centaur
   517 | D        | Killed a giant frog
   589 | D        | Noticed an orc warrior
   589 | D        | Noticed a necrophage
   589 | D        | Noticed a soldier ant
   589 | D        | Noticed a shadow
   589 | D        | Noticed a shadow
   594 | D        | Killed a shadow
   594 | D        | Reached ** piety under Okawaru
   600 | D        | Killed a shadow
   614 | D        | Killed a soldier ant
   614 | D        | Reached skill level 10 in Armour
   614 | D        | Reached skill level 10 in Shields
   614 | D        | Reached skill level 5 in Invocations
   615 | D        | Killed a necrophage
   620 | D        | Killed an orc warrior
   822 | D        | Noticed a yak
   822 | D        | Noticed a spiny frog
   822 | D        | Noticed a spiny frog
   828 | D        | Noticed a basilisk
   830 | D        | Noticed a giant frog
   830 | D        | Killed a spiny frog
   830 | D        | Reached XP level 9. HP: 56/59 MP: 9/13
   831 | D        | Noticed a spiny frog
   836 | D        | Killed a spiny frog
   838 | D        | Killed a yak
   838 | D        | Reached skill level 10 in Maces & Flails
   838 | D        | Reached skill level 11 in Shields
   845 | D        | Killed a basilisk
   849 | D        | Killed a spiny frog
   849 | D        | Reached *** piety under Okawaru
   852 | D        | Killed a giant frog
   906 | D        | Noticed a porcupine
   906 | D        | Noticed a spiny frog
   906 | D        | Noticed a porcupine
   906 | D        | Noticed a porcupine
   906 | D        | Noticed a giant frog
   907 | D        | Killed a giant frog
   910 | D        | Noticed a blink frog
   912 | D        | Killed a porcupine
   913 | D        | Noticed a yak
   914 | D        | Killed a porcupine
   917 | D        | Noticed a crocodile
   920 | D        | Killed a spiny frog
   920 | D        | Reached XP level 10. HP: 50/65 MP: 13/15
   923 | D        | Killed a porcupine
   925 | D        | Killed a yak
   930 | D        | Killed a crocodile
   940 | D        | Killed a blink frog
  1037 | D        | Noticed a lindwurm
  1037 | D        | Noticed a brain worm
  1043 | D        | Killed a brain worm
  1043 | D        | Reached skill level 12 in Shields
  1052 | D        | Killed a lindwurm
  1052 | D        | Reached **** piety under Okawaru
  1203 | D        | Noticed an orc priest
  1203 | D        | Noticed an orc priest
  1203 | D        | Noticed an orc priest
  1203 | D        | Noticed an orc wizard
  1203 | D        | Noticed an orc priest
  1207 | D        | Killed an orc wizard
  1208 | D        | Noticed an orc warrior
  1210 | D        | Killed an orc priest
  1211 | D        | Noticed an orc wizard
  1214 | D        | Killed an orc priest
  1218 | D        | Killed an orc priest
  1219 | D        | Killed an orc priest
  1220 | D        | Noticed an orc priest
  1222 | D        | Noticed an orc wizard
  1224 | D        | Killed an orc warrior
  1229 | D        | Killed an orc wizard
  1232 | D        | Killed an orc priest
  1234 | D        | Killed an orc wizard
  1339 | D        | Noticed an orc warrior
  1339 | D        | Noticed an orc knight
  1339 | D        | Noticed an orc warrior
  1339 | D        | Noticed an orc wizard
  1339 | D        | Noticed an orc warrior
  1339 | D        | Noticed an orc warrior
  1343 | D        | Noticed an orc warrior
  1350 | D        | Killed an orc warrior
  1351 | D        | Noticed an orc high priest
  1352 | D        | Killed an orc warrior
  1353 | D        | Noticed an orc knight
  1364 | D        | Killed an orc knight
  1365 | D        | Noticed an orc warrior
  1369 | D        | Killed an orc warrior
  1373 | D        | Killed an orc warrior
  1375 | D        | Killed an orc wizard
  1376 | D        | Noticed an orc warrior
  1378 | D        | Noticed an orc warrior
  1379 | D        | Killed an orc warrior
  1387 | D        | Noticed a sixfirhy
  1390 | D        | Killed an orc high priest
  1390 | D        | Reached skill level 10 in Dodging
  1395 | D        | Killed an orc knight
  1395 | D        | Reached ***** piety under Okawaru
  1395 | D        | Reached skill level 13 in Armour
  1395 | D        | Reached XP level 11. HP: 60/72 MP: 15/17
  1398 | D        | Killed an orc warrior
  1405 | D        | Killed an orc warrior
  1407 | D        | Killed an orc warrior
  1407 | D        | Received a gift from Okawaru
  1408 | D        | Got a bloodstained morningstar {god gift}
  1409 | D        | Identified the +6 morningstar of the Little People {flame, *Rage rElec rN+ Dex+9} (Okawaru gifted it to you in the Dungeon)
  1467 | D        | Found Feffanap's Antique Weapon Boutique.
  1467 | D        | Noticed an orc wizard
  1467 | D        | Noticed an orc sorcerer
  1467 | D        | Noticed an orc sorcerer
  1467 | D        | Noticed an orc wizard
  1467 | D        | Noticed an orc sorcerer
  1469 | D        | Killed an orc sorcerer
  1469 | D        | Reached skill level 10 in Fighting
  1470 | D        | Noticed an orc sorcerer
  1471 | D        | Found Ratanyc's Armour Shop.
  1471 | D        | Noticed an orc sorcerer
  1472 | D        | Killed an orc sorcerer
  1474 | D        | Killed an orc wizard
  1475 | D        | Found Sistob's Distillery.
  1475 | D        | Noticed an orc wizard
  1476 | D        | Killed an orc sorcerer
  1477 | D        | Paralysed by an orc sorcerer for 4 turns
  1483 | D        | Killed an orc sorcerer
  1484 | D        | Found Nicon's General Store.
  1484 | D        | Noticed an orc wizard
  1486 | D        | Noticed an orc sorcerer
  1488 | D        | Killed an orc sorcerer
  1490 | D        | Noticed an orc wizard
  1492 | D        | Killed an orc wizard
  1493 | D        | Noticed an orc wizard
  1495 | D        | Killed an orc sorcerer
  1496 | D        | Noticed an orc wizard
  1497 | D        | Killed an orc wizard
  1499 | D        | Killed an orc wizard
  1506 | D        | Killed an orc wizard
  1509 | D        | Killed an orc wizard
  1511 | D        | Killed an orc wizard
  1562 | D        | Bought a +2 cloak of invisibility for 301 gold pieces
  1562 | D        | Bought a +2 pair of gloves for 231 gold pieces
  1586 | D        | Bought a potion of curing for 42 gold pieces
  1586 | D        | Bought a potion of heal wounds for 70 gold pieces
  1586 | D        | Bought a potion of curing for 42 gold pieces
  1586 | D        | Bought a potion of curing for 42 gold pieces
  1630 | D        | Noticed Sonja
  1632 | D        | Noticed Psyche
  1638 | D        | Killed Sonja
  1643 | D        | Killed Psyche
  1643 | D        | Reached skill level 14 in Armour
  1876 | D        | Noticed a hill giant
  1876 | D        | Noticed a hippogriff
  1876 | D        | Noticed a giant frog
  1876 | D        | Noticed a shadow
  1876 | D        | Noticed an orc warrior
  1876 | D        | Noticed a wind drake
  1878 | D        | Noticed a mana viper
  1878 | D        | a wind drake changed into a mana viper
  1880 | D        | Killed a mana viper
  1881 | D        | Noticed a great orb of eyes
  1884 | D        | Noticed a frost giant
  1888 | D        | Killed an orc warrior
  1891 | D        | Killed a shadow
  1891 | D        | Reached skill level 1 in Evocations
  1893 | D        | Noticed a giant frog
  1893 | D        | Killed a giant frog
  1895 | D        | Killed a hippogriff
  1897 | D        | Noticed a wyvern
  1899 | D        | Noticed a green very ugly thing
  1899 | D        | Killed a hill giant
  1902 | D        | Paralysed by a great orb of eyes for 7 turns
  1905 | D        | Noticed an entropy weaver
  1914 | D        | Killed a great orb of eyes
  2055 | D        | Killed a frost giant
  2055 | D        | Reached XP level 12. HP: 42/80 MP: 16/19
  2312 | D        | Killed a green very ugly thing
  2316 | D        | Lost mutation: You have sharp toenails. [mutagenic meat]
  2317 | D        | Gained mutation: You have sharp fingernails. [mutagenic meat]
  2318 | D        | Lost mutation: Your body sometimes deteriorates upon taking damage. [mutagenic meat]
  2319 | D        | Gained mutation: Your natural rate of healing is unusually fast. [mutagenic meat]
  2320 | D        | Gained mutation: Potions and wands are less effective at restoring your health. [mutagenic meat]
  2321 | D        | Gained mutation: Your muscles are strong. (Str +2) [mutagenic meat]
  2324 | D        | Killed a giant frog
  2347 | D        | Killed a wyvern
  2403 | D        | Killed an entropy weaver
  2403 | D        | Reached skill level 15 in Armour
  2403 | D        | Reached skill level 15 in Shields
  2417 | D        | Noticed a necromancer
  2418 | D        | Noticed an ogre mage
  2419 | D        | Noticed an ogre mage
  2424 | D        | Killed a necromancer
  2431 | D        | Killed an ogre mage
  2431 | D        | Reached skill level 10 in Invocations
  2432 | D        | Killed an ogre mage
  2612 | D        | Noticed a jumping spider
  2612 | D        | Noticed a wolf spider
  2612 | D        | Noticed a wolf spider
  2612 | D        | Noticed a demonic crawler
  2612 | D        | Noticed a wolf spider
  2617 | D        | Noticed a redback
  2618 | D        | Killed a wolf spider
  2625 | D        | Killed a demonic crawler
  2627 | D        | Killed a wolf spider
  2628 | D        | Noticed an entropy weaver
  2631 | D        | Killed a wolf spider
  2640 | D        | Killed a ghost moth
  2642 | D        | Killed a redback
  2656 | D        | Killed an entropy weaver
  2668 | D        | Killed a jumping spider
  2668 | D        | Received a gift from Okawaru
  2676 | D        | Killed a ghost moth
  2676 | D        | Reached ****** piety under Okawaru
  2687 | D        | Gained mutation: You have supernaturally acute eyesight. [mutagenic meat]
  2795 | D        | Noticed a water nymph
  2795 | D        | Noticed a water nymph
  2795 | D        | Noticed a snapping turtle
  2795 | D        | Noticed a merfolk impaler
  2795 | D        | Noticed a siren
  2795 | D        | Noticed a merfolk impaler
  2796 | D        | Noticed a sea snake
  2797 | D        | Noticed a sea snake
  2802 | D        | Killed a merfolk impaler
  2802 | D        | Reached skill level 16 in Armour
  2802 | D        | Reached skill level 5 in Evocations
  2802 | D        | Reached XP level 13. HP: 86/86 MP: 12/21
  2807 | D        | Killed a siren
  2808 | D        | Noticed a merfolk avatar
  2813 | D        | Killed a merfolk impaler
  2816 | D        | Killed a snapping turtle
  2820 | D        | Killed a water nymph
  2822 | D        | Killed a water nymph
  2822 | D        | Reached skill level 15 in Maces & Flails
  2826 | D        | Killed a sea snake
  2836 | D        | Killed a sea snake
  2844 | D        | Killed a merfolk avatar
  2864 | D        | Noticed a bog body
  2864 | D        | Noticed a spiny frog
  2864 | D        | Noticed an alligator
  2864 | D        | Noticed an eight-headed hydra
  2864 | D        | Noticed a vampire mosquito
  2864 | D        | Noticed a bog body
  2866 | D        | Killed a bog body
  2867 | D        | Noticed a ghost crab
  2870 | D        | Killed an eight-headed hydra
  2873 | D        | Noticed a vampire mosquito
  2873 | D        | Killed an alligator
  2873 | D        | Received a gift from Okawaru
  2874 | D        | Got a faintly glowing large shield {god gift}
  2877 | D        | Killed a vampire mosquito
  2878 | D        | Noticed a slime creature
  2879 | D        | Killed a spiny frog
  2884 | D        | Killed a bog body
  2886 | D        | Killed a ghost crab
  2888 | D        | Killed a vampire mosquito
  2890 | D        | Killed a slime creature
  2917 | D        | Identified the +0 large shield "Qicemp" {rElec rF- rC+ MR++} (Okawaru gifted it to you in the Dungeon)
  2981 | D        | Noticed a naga ritualist
  2981 | D        | Noticed an anaconda
  2981 | D        | Noticed a naga mage
  2981 | D        | Noticed a mana viper
  2981 | D        | Noticed a naga
  2981 | D        | Noticed a naga
  2982 | D        | Killed a naga
  2983 | D        | Noticed a naga mage
  2986 | D        | Killed a naga
  2987 | D        | Noticed a shock serpent
  2989 | D        | Noticed a black mamba
  2991 | D        | Killed a mana viper
  2994 | D        | Killed a naga mage
  2997 | D        | Killed an anaconda
  3002 | D        | Killed a naga ritualist
  3004 | D        | Killed a naga mage
  3004 | D        | Reached skill level 17 in Armour
  3007 | D        | Killed a shock serpent
  3009 | D        | Killed a black mamba
  3241 | D        | Noticed a fire giant
  3241 | D        | Noticed an ogre mage
  3241 | D        | Noticed a deep troll earth mage
  3241 | D        | Noticed a rakshasa
  3241 | D        | Noticed a deep troll shaman
  3241 | D        | Noticed an entropy weaver
  3245 | D        | Killed an entropy weaver
  3246 | D        | Noticed an ettin
  3247 | D        | Noticed an entropy weaver
  3252 | D        | Killed a deep troll shaman
  3261 | D        | Noticed a cyan very ugly thing
  3262 | D        | Killed a rakshasa
  3266 | D        | Killed a deep troll earth mage
  3270 | D        | Noticed a deep troll earth mage
  3274 | D        | Noticed a golden dragon
  3274 | D        | Killed a fire giant
  3279 | D        | Noticed an iron dragon
  3282 | D        | Killed an ogre mage
  3287 | D        | Killed an ettin
  3290 | D        | Noticed a stone giant
  3294 | D        | Killed an entropy weaver
  3294 | D        | Gained mutation: Your large and strong wings let you fly indefinitely. [Gargoyle growth]
  3294 | D        | Reached XP level 14. HP: 25/94 MP: 21/23
  3300 | D        | Noticed a vampire knight
  3301 | D        | Killed a white very ugly thing
  3301 | D        | Killed from afar by a golden dragon

Vault maps used:
D:        linesprint

Action                   |  1- 3 |  4- 6 |  7- 9 | 10-12 | 13-15 || total
-------------------------+-------+-------+-------+-------+-------++-------
Melee: Flail             |    24 |    44 |       |       |       ||    68
       Morningstar       |       |    11 |    75 |   277 |   137 ||   500
Invok: Heroism           |       |       |     3 |    10 |     3 ||    16
       Finesse           |       |       |       |     4 |     3 ||     7
 Abil: Evoke Invisibilit |       |       |       |     1 |     2 ||     3
  Use: Potion            |     1 |     2 |       |     1 |       ||     4
       Scroll            |       |       |       |     1 |       ||     1
 Stab: Invisible         |       |       |       |     3 |    13 ||    16
  Eat: Chunk             |       |     3 |       |     9 |     1 ||    13
       Bread ration      |       |       |     1 |       |       ||     1
       Meat ration       |       |       |       |     1 |     1 ||     2
